cohdb
Replays
Latest Replays
All Replays
Popular Replays
Top Player Replays
Match Explorer
How It Works
Community
CoH3 Stats
Reddit
Sign in to upload your games and track your stats! →
Sign in with Steam
Match 44680296
Unlisted
Match 44680296
Overview
Messages
Build Orders
End
Royal Engineer Section
Vickers Machine Gun Team
Vickers Machine Gun Team
Selects Australian Defense Battlegroup
Selects Australian Light Infantry Section
Vickers Machine Gun Team
Vickers Machine Gun Team
Construct Section Command Post
Selects Defensive Tactics
Infantry Section
Construct Platoon Command Post
Selects Hold the Line!
Hold the Line!
Team Weapon Training
Construct Field Infirmary
Hold the Line!
6-pounder Anti-tank Gun Team
Vickers Machine Gun Team
Selects CMP 15cwt Supply Run
Selects Artillery Trip Wire Flares
Vickers Machine Gun Team
Vickers Machine Gun Team
Hold the Line!
6-pounder Anti-tank Gun Team
Hold the Line!
Selects Charged Creeping Barrage
Charged Creeping Barrage
Vickers Machine Gun Team
Hold the Line!
Vickers Machine Gun Team
Vickers Machine Gun Team
Charged Creeping Barrage
Hold the Line!
Vickers Machine Gun Team
Hold the Line!
Njord
Barbarossa
0
0
Comments
sign in to comment!
No comments posted yet!